 Dungeon Crawl Stone Soup version 0.31-a0-263-ge8cad7f256 (webtiles) character file.

Game seed: 6030870501981276742

23 qw the Shooter (level 2, -1/24 HPs)
             Began as a Minotaur Hexslinger on July 13, 2023.
             Slain by a goblin
             ... wielding a +0 dagger
             ... led by Robin
              (2 damage)
             ... on level 2 of the Dungeon.
             The game lasted 00:00:14 (987 turns).

qw the Shooter (Minotaur Hexslinger)                 Turns: 987, Time: 00:00:14

Health: -1/24      AC:  2    Str: 12    XL:     2   Next: 72%
Magic:  2/2        EV: 12    Int: 10    God:
Gold:   84         SH:  0    Dex: 12    Spells: 2/3 levels left

rFire   . . .        Y - +1 sling
rCold   . . .        (no shield)
rNeg    . . .        c - +0 robe
rPois   .            (helmet restricted)
rElec   .            (no cloak)
rCorr   .            (no gloves)
SInv    .            (no boots)
Will    .....        (no amulet)
Stlth   +            (no ring)
HPRegen 0.24/turn    (no ring)
MPRegen 0.08/turn

%: no passive effects
@: about to teleport
A: horns 2, retaliatory headbutt
a: no special abilities


You were on level 2 of the Dungeon.
You visited 1 branch of the dungeon, and saw 2 of its levels.

You collected 84 gold pieces.


Innate Abilities, Weirdness & Mutations

You have a pair of horns on your head.
You reflexively headbutt those who attack you in melee.


   Skills:
 - Level 2.0 Fighting
 + Level 3.3 Ranged Weapons
 - Level 2.1 Dodging
 - Level 1.0 Spellcasting
 - Level 2.0 Hexes


You had 2 spell levels left.
You knew the following spells:

 Your Spells              Type           Power      Damage    Failure   Level
a - Slow                  Hex            16%        N/A       16%         1

Your spell library contained the following spells:

 Spells                   Type           Power      Damage    Failure   Level
 Inner Flame              Hex/Fire       2%         N/A       56%         3
 Portal Projectile        Hex/Tloc       4%         N/A       56%         3
 Cause Fear               Hex            2%         N/A       83%         4

Inventory:

Hand Weapons
 Y - a +1 sling (weapon)
Armour
 c - a +0 robe (worn)
Scrolls
 a - a scroll of vulnerability {unknown}
 d - a scroll of fog {unknown}

Dungeon Overview and Level Annotations

Branches:
Dungeon (2/15)

Altars:

Annotations:
D:2 Robin


Message History

A goblin comes into view. It is wielding a +0 club. x2
You shoot a sling bullet. The sling bullet closely misses Robin.
The goblin shouts!
Robin throws the goblin at you! The goblin hits you with a +0 club.
Robin throws the goblin at you! The goblin barely misses you.
You shoot a sling bullet. The sling bullet hits the goblin.
You kill the goblin!
The goblin hits you with a +0 dagger.
A goblin comes into view. It is wielding a +0 club.
You shoot a sling bullet. The goblin shouts!
The sling bullet hits Robin.
Robin is severely wounded.
You hear a shout!
Robin hits you with a +0 club.
A goblin comes into view. It is wielding a +0 dagger.
The goblin hits you but does no damage.
A goblin comes into view. It is wielding a +0 club.
You shoot a sling bullet. The sling bullet hits Robin.
Robin is severely wounded.
A goblin comes into view. It is wielding a +0 dagger.
Robin throws the goblin at you! The goblin hits you with a +0 dagger.
The goblin barely misses you. You furiously retaliate!
You headbutt the goblin. The hobgoblin barely misses you.
You shoot a sling bullet. The sling bullet closely misses Robin.
The sling bullet barely misses the goblin.
The sling bullet hits the goblin but does no damage.
Robin hits you with a +0 club. The goblin hits you with a +0 dagger.
The hobgoblin closely misses you. The goblin barely misses you.
You furiously retaliate!
You headbutt the goblin!
You kill the goblin!
Robin throws the goblin at you! The goblin barely misses you.
The goblin hits you with a +0 dagger.
987 ||| READING scroll of teleportation.
As you read the scroll of teleportation, it crumbles to dust.
You feel strangely unstable. The goblin barely misses you.
You furiously retaliate!
You headbutt the goblin.
You kill the goblin!
The hobgoblin hits you. The goblin hits you with a +0 dagger.
You die...

.. ..##.## . .......
.#...#.#. .%).......
##g........
gg.......# # ###
#g)..#.#.#.#
#7.77#@g......#.####
#....#gg............
#777.'.#.##...#.#.##
#....#........#.....
#7.77#..............
### ###...........#
#...........#
#.###.......#. #.#
#.........


You could see Robin, a hobgoblin and 5 goblins.

Vanquished Creatures
  2 dart slugs (D:1)
  A bat (D:2)
  2 giant cockroaches
  5 goblins
  2 hobgoblins
  A kobold (D:1)
  A frilled lizard (D:2)
  5 rats
19 creatures vanquished.

Notes
Turn   | Place    | Note
-------+----------+-------------------------------------------
     0 | D:1      | qw the Minotaur Hexslinger began the quest for the Orb.
     0 | D:1      | Reached XP level 1. HP: 16/16 MP: 1/1
     0 | D:1      | 0 ||| qw: Version: 0.3-a-52-g30416fa
     0 | D:1      | 0 ||| qw: Game counter: 7057
     0 | D:1      | 0 ||| qw: Melee chars always use a shield: true
     0 | D:1      | 0 ||| qw: God list: Okawaru
     0 | D:1      | 0 ||| qw: Allow faded altars: false
     0 | D:1      | 0 ||| qw: Do Orc after clearing Dungeon:15 true
     0 | D:1      | 0 ||| qw: Do second Lair branch before Depths: true
     0 | D:1      | 0 ||| qw: Lair rune preference: random
     0 | D:1      | 0 ||| qw: Goals: Normal
     0 | D:1      | 0 ||| PLANNING D:1-11
   239 | D:1      | Reached skill level 3 in Ranged Weapons
   423 | D:1      | Reached XP level 2. HP: 23/23 MP: 2/2
   423 | D:1      | Found a faded altar of an unknown god.
   846 | D:1      | 846 ||| READING scroll labelled PINULOH FEDUS.
   847 | D:1      | 847 ||| READING scroll labelled RIZUTUE GANN.
   852 | D:1      | 852 ||| DROPPING scroll of poison.
   977 | D:2      | Noticed Robin
   986 | D:2      | HP: 6/24 [Robin/+0 club (4)]
   986 | D:2      | HP: 2/24 [goblin/+0 dagger[Robin] (1)]
   987 | D:2      | 987 ||| READING scroll of teleportation.
   987 | D:2      | Slain by a goblin

Levels and vault maps discovered:
D:1:      mrwooster_arrival_statue_2, layout_basic,
          shapermc_ecumenical_altar_rom_forum
D:2:      layout_basic, chequers_arboretum, chequers_mini_garden, uniq_robin

Skill      XL: |  1  2 |
---------------+-------+-----
Ranged Weapons | 3 |  3.3
Fighting       | 2 |  2.0
Dodging        | |  2.1
Spellcasting   | |  1.0
Hexes          | |  2.0

Action                     || total
---------------------------++-------
   Fire: Sling             ||    58
    Use: Scroll            ||     3
 Armour: Robe              ||     3
  Dodge: Dodged            ||    17

Table legend:
 A = Non-vault XP
 B = Vault XP
 C = Vault XP percentage of total XP
 D = Non-vault monster count
 E = Vault monster count
 F = Vault count percentage of total count
                 A         B        C        D         E       F
            +---------+---------+-------+---------+---------+-------
      Total |      26 |       9 |  25.7 |      14 |       5 |  26.3
            +---------+---------+-------+---------+---------+-------
        D:1 |      18 |       0 |   0.0 |       8 |       0 |   0.0
        D:2 |       8 |       9 |  52.9 |       6 |       5 |  45.5
            +---------+---------+-------+---------+---------+-------
